 Dungeon Crawl Stone Soup version 0.27-a0-1278-g6cbc8dfb29 (webtiles) character file.

Game seed: 3063208700340634171

1218 senseless the Covert (level 8, 27/27 HPs)
             Began as a Felid Summoner on June 11, 2021.
             Was a Believer of Hepliaklqana.
             Quit the game on level 7 of the Dungeon on June 12, 2021.
             The game lasted 00:46:34 (12250 turns).

senseless the Covert (Felid Summoner)              Turns: 12250, Time: 00:46:34

Health: 27/27      AC:  2    Str:  4    XL:     8   Next: 22%
Magic:  18/18      EV: 22    Int: 27    God:    Hepliaklqana [**....]
Gold:   444        SH:  0    Dex: 17    Spells: 13/19 levels left
                                        Lives:  1   Deaths: 1

rFire    x . .     SeeInvis +   (weapon unavailable)
rCold    + . .     Faith    .   (shield unavailable)
rNeg     . . .     Spirit   .   (armour unavailable)
rPois    +         Reflect  .   (helmet unavailable)
rElec    .         Harm     .   (cloak unavailable)
rCorr    .         Rampage  .   (gloves unavailable)
Will     +....                  (boots unavailable)
Stlth    +++++.....             (no amulet)
HPRegen  0.09/turn              a - ring "Uvuizun" {Ice rPois Int+3 Stlth+}
MPRegen  0.16/turn              f - +6 ring of intelligence

@: quick
A: reduced essence, very small, claws 1, fangs 3, see invisible, speed 1, shaggy
fur 2, stealthy paws, no weapons or thrown items, no armour, multi-lived
a: Renounce Religion, Recall Ancestor, Ancestor Identity


You were on level 7 of the Dungeon.
You worshipped Hepliaklqana.
Hepliaklqana was pleased with you.
You visited 1 branch of the dungeon, and saw 7 of its levels.

You collected 444 gold pieces.

Inventory:

Jewellery
 a - the ring "Uvuizun" (left paw) {Ice rPois Int+3 Stlth+}
   (You acquired it on level 2 of the Dungeon)

   [ring of ice]

   It enhances your ice magic.
   It affects your intelligence (+3).
   It makes you vulnerable to fire.
   It protects you from cold.
   It protects you from poison.
   It makes you more stealthy.
 f - a +6 ring of intelligence (right paw)
 h - a ring of wizardry
 n - a ring of poison resistance
 r - an amulet of faith
Wands
 q - a wand of digging (10)
Scrolls
 j - a scroll of amnesia
Potions
 b - 3 potions of haste
 c - 2 potions of mutation
 d - a potion of degeneration {unknown}
 e - 2 potions of berserk rage
 g - 3 potions of curing
 i - a potion of cancellation {unknown}
 k - a potion of magic {unknown}
 l - 3 potions of brilliance
 m - a potion of flight {unknown}
 o - 5 potions of lignification
 p - a potion of might {unknown}


   Skills:
 + Level 7.9 Dodging
 + Level 8.7 Stealth
 + Level 6.0 Spellcasting
 + Level 7.3 Summonings


You had 13 spell levels left.
You knew the following spells:

 Your Spells              Type           Power      Damage    Failure   Level
a - Summon Small Mammal   Summ           100%       N/A       1%          1
b - Call Imp              Summ           48%        N/A       1%          2
c - Call Canine Familiar  Summ           48%        N/A       1%          3

Your spell library contained the following spells:

 Spells                   Type           Power      Damage    Failure   Level
 Summon Guardian Golem    Hex/Summ       28%        N/A       4%          3
 Beastly Appendage        Tmut           16%        N/A       6%          1
 Foxfire                  Conj/Fire      32%        2x1d5     6%          1
 Wereblood                Tmut           8%         N/A       10%         2
 Summon Ice Beast         Ice/Summ       42%        N/A       14%         4
 Summon Lightning Spire   Summ/Air       28%        N/A       14%         4
 Conjure Flame            Conj/Fire      8%         6-21      19%         3
 Inner Flame              Hex/Fire       8%         N/A       19%         3
 Spider Form              Tmut/Pois      4%         N/A       19%         3
 Ice Form                 Ice/Tmut       12%        N/A       54%         4
 Sticky Flame             Conj/Fire      8%         2d3       54%         4
 Fireball                 Conj/Fire      4%         3d4       87%         5


Dungeon Overview and Level Annotations

Branches:
Dungeon (7/15)             Temple (0/1) D:7

Altars:
Cheibriados
Dithmenos
Elyvilon
Hepliaklqana
Okawaru
Ru
Uskayaw
Vehumet
Wu Jian
Yredelemnul
Zin

Annotations:
D:4 3 runed translucent doors, PeterLawrence's ghost, amateur MiFi


Innate Abilities, Weirdness & Mutations

Your life essence is reduced to manifest your ancestor. (-10% HP)
You have sharp claws.
You have razor-sharp teeth.
You have supernaturally acute eyesight. (SInv)
You cover ground quickly. (Speed+)
You are covered in thick fur. (AC +2)
Your paws help you pounce on unaware monsters.
You are incapable of wielding weapons or throwing items.
You cannot wear armour.
You gain extra lives every three experience levels.


Message History

Your crimson imp blinks!
The killer bee stings your wolf but does no damage.
Your crimson imp misses the killer bee.
The killer bee stings your wolf.
Your wolf is poisoned.
The killer bee poisons your wolf!
Your wolf completely misses the killer bee.
Busisiwe barely misses the killer bee.
Your crimson imp barely misses the killer bee.
The killer bee barely misses Busisiwe.
Your wolf misses the killer bee.
Your crimson imp hits the killer bee but does no damage.
The killer bee stings your wolf.
Your wolf barely misses the killer bee.
Busisiwe hits the killer bee with a +0 flail.
The killer bee dies!
Your crimson imp blinks! x2
Your Spellcasting skill increases to level 6!
Your crimson imp blinks!
The killer bee completely misses Busisiwe.
The killer bee closely misses Busisiwe.
The killer bee barely misses Busisiwe.
Your crimson imp blinks!
The killer bee closely misses Busisiwe.
Your crimson imp hits the killer bee.
The killer bee stings Busisiwe but does no damage.
Your wolf completely misses the killer bee.
Busisiwe barely misses the killer bee.
Busisiwe blocks the killer bee's attack.
Your wolf bites the killer bee!
Your crimson imp misses the killer bee.
Busisiwe blocks the killer bee's attack.
Your wolf bites the killer bee.
The killer bee dies!
Your crimson imp disappears in a puff of smoke!
Your wolf looks more healthy.
Your crimson imp blinks!
You swap places.
Things that are here:
a killer bee corpse; a killer bee corpse
r - an amulet of faith
Found a staircase to the Ecumenical Temple.
Welcome back, senseless the Felid Summoner.
Hepliaklqana says: Your past becomes your present!
Press ? for a list of commands and other information.
Are you sure you want to abandon this character and quit the game? (Confirm with "yes".)

#.##.#
#...#####...#
#.##.# ##5## ##..#
....># #.# #..#
#.#### #5# #..#
#.# #R# #..# #.#
#.# #..# #.# #.#
#..# ..# #h#
.######## #@#
.............P...#
.#######.PP>PP####
5#


PPP. .# P.P .# .. .# # .# .###### You could see the friendly Busisiwe the
knight, a friendly wolf (summoned) and 2 friendly crimson imps.

Vanquished Creatures
  An endoplasm (D:1)
  A jackal (D:1)
  A ball python (D:2)
3 creatures vanquished.

Vanquished Creatures (collateral kills)
  Pikel (D:7)
  Grinder (D:6)
  4 vampire mosquitoes (D:7)
  4 orc warriors
  A black bear (D:4)
  3 sky beasts
  An ice beast (D:7)
  An ogre (D:6)
  A centaur (D:7)
  A phantom (D:5)
  2 bullfrogs (D:6)
  A scorpion (D:5)
  A water moccasin skeleton (D:5)
  3 killer bees (D:7)
  3 wights (D:6)
  2 vampire bats (D:6)
  A centaur zombie (D:4)
  A centaur skeleton (D:6)
  5 hounds
  2 orc priests
  A jelly (D:3)
  An iguana (D:5)
  Ijyb (D:3)
  An orc wizard (D:7)
  2 hound skeletons
  A howler monkey skeleton (D:6)
  8 adders
  An ufetubus (D:4)
  An adder skeleton (D:4)
  4 worms
  5 dart slugs
  14 orcs
  9 endoplasms
  4 goblins
  6 hobgoblins
  3 jackals
  2 quokkas
  6 ball pythons
  8 bats
  2 frilled lizards
  15 kobolds
  5 rats
139 creatures vanquished.

Vanquished Creatures (others)
  A knight (D:7)
  2 ancestors
  8 plants (D:1)
11 creatures vanquished.

Grand Total: 153 creatures vanquished

Notes
Turn   | Place    | Note
-------+----------+-------------------------------------------
     0 | D:1      | senseless the Felid Summoner began the quest for the Orb.
     0 | D:1      | Reached XP level 1. HP: 7/7 MP: 4/4
   845 | D:1      | Reached XP level 2. HP: 4/11 MP: 1/6
  1424 | D:1      | Learned a level 2 spell: Call Imp
  1921 | D:2      | Identified a scroll of acquirement
  1921 | D:2      | Acquired the ring "Uvuizun" {Ice rPois Int+3 Stlth+}
  2340 | D:2      | Reached XP level 3. HP: 3/14 MP: 0/7
  3491 | D:2      | Learned a level 3 spell: Call Canine Familiar
  3514 | D:3      | Reached skill level 3 in Stealth
  3620 | D:3      | Found a faded altar of an unknown god.
  3640 | D:3      | Noticed Ijyb
  3986 | D:3      | Killed Ijyb
  3987 | D:3      | Reached XP level 4. HP: 18/18 MP: 6/9
  4264 | D:3      | Found an ornate altar of the Wu Jian Council.
  4699 | D:3      | Found a glowing silver altar of Zin.
  4757 | D:3      | Noticed a sky beast
  4877 | D:3      | Killed a sky beast
  4878 | D:3      | Reached XP level 5. HP: 21/21 MP: 1/10
  4958 | D:3      | Found a hazy altar of Hepliaklqana.
  5112 | D:3      | Reached skill level 4 in Stealth
  5525 | D:3      | Became a worshipper of Hepliaklqana the Forgotten
  5633 | D:4      | Found a shadowy altar of Dithmenos.
  5671 | D:4      | Found a snail-covered altar of Cheibriados.
  5672 | D:4      | Noticed a black bear
  5684 | D:4      | Killed a black bear
  5685 | D:4      | Reached skill level 5 in Summonings
  6100 | D:4      | Found an iron altar of Okawaru.
  6100 | D:4      | Found a hide-covered altar of Uskayaw.
  6536 | D:4      | Noticed PeterLawrence's ghost (amateur MiFi)
  6542 | D:4      | Found a runed translucent gate.
  6542 | D:4      | Found a runed translucent gate.
  6542 | D:4      | Found a runed translucent gate.
  6545 | D:4      | Noticed an ice beast
  6841 | D:4      | Found a basalt altar of Yredelemnul.
  6855 | D:4      | Found a radiant altar of Vehumet.
  7142 | D:4      | Reached * piety under Hepliaklqana
  7193 | D:4      | Found a sacrificial altar of Ru.
  7550 | D:5      | Entered Level 5 of the Dungeon
  7595 | D:5      | Gained mutation: You are covered in thick fur. (AC +2)
                  | [Felid growth]
  7595 | D:5      | Reached XP level 6. HP: 21/21 MP: 5/12
  7943 | D:5      | Reached skill level 5 in Stealth
  8045 | D:5      | Found a white marble altar of Elyvilon.
  9601 | D:6      | Reached ** piety under Hepliaklqana
  9616 | D:6      | Reached skill level 5 in Dodging
  9711 | D:6      | Noticed a sky beast
  9723 | D:6      | Killed a sky beast
  9724 | D:6      | Reached XP level 7. HP: 24/24 MP: 4/14
  9960 | D:6      | Reached skill level 6 in Stealth
 10070 | D:6      | Remembered your ancestor Busisiwe as a knight
 10163 | D:6      | Noticed Grinder
 10431 | D:6      | Killed Grinder
 10432 | D:6      | Reached skill level 7 in Stealth
 10432 | D:6      | Reached XP level 8. HP: 27/27 MP: 3/16
 10567 | D:6      | Reached skill level 5 in Spellcasting
 11012 | D:7      | Noticed Pikel
 11032 | D:7      | Killed Pikel
 11416 | D:7      | Reached skill level 8 in Stealth
 11572 | D:7      | Slain by a vampire mosquito
 11573 | D:7      | Reached XP level 7. HP: -3/24 MP: 5/16
 11873 | D:7      | Killed a vampire mosquito
 11874 | D:7      | Reached XP level 8. HP: 27/27 MP: 6/17
 12249 | D:7      | Found a staircase to the Ecumenical Temple.
 12250 | D:7      | Upgraded the game from 0.27-a0-1273-gec92ba881d to
                  | 0.27-a0-1278-g6cbc8dfb29
 12250 | D:7      | Quit the game

Illustrated notes

Levels and vault maps discovered:
D:1:      dpeg_arrival_rooms_with_view, layout_basic, hex_intersection,
          lexackson_kobold_supper
D:2:      layout_loops_corners, minmay_quadrilaterals
D:3:      layout_loops_ring, lemuel_tele_altar, amcnicky_altar_gilded,
          nicolae_overflow_crystal_walls, chequers_ecumenical_altar_island,
          minmay_checkerbox, uniq_ijyb
D:4:      layout_loops_cross, marbit_many_paths,
          nicolae_dithmenos_through_a_glass_darkly,
          amethyst_overflow_temple_binary, jmf_multi_god_temple,
          cheibriados_altar_1, gammafunk_ghost_split
D:5:      layout_basic, lemuel_doored_altar, kennysheep_doodads
D:6:      layout_gridville, roderic_batcave, uniq_grinder
D:7:      layout_loops_ring, minmay_temple_entry_overgrown, uniq_pikel

Skill      XL: |  1  2  3  4  5  6  7  8 |
---------------+-------------------------+-----
Stealth        | 3 4 5 7 8 |  8.7
Dodging        | 3 4 5 6 7 |  7.9
Spellcasting   | 3 4 6 |  6.0
Summonings     | 5 6 7 |  7.3

Action                   |  1- 3 |  4- 6 |  7- 9 || total
-------------------------+-------+-------+-------++-------
Melee: Unarmed           |    13 |    14 |     3 ||    30
       Bite              |     2 |       |     1 ||     3
 Cast: Summon Small Mamm |    71 |       |       ||    71
       Call Imp          |    48 |   158 |    97 ||   303
       Call Canine Famil |       |     7 |    12 ||    19
Invok: Recall Ancestor   |       |     1 |     3 ||     4
       Ancestor Identity |       |     1 |       ||     1
       Ancestor Life: Kn |       |       |     1 ||     1
  Use: Scroll            |     6 |     7 |     1 ||    14
 Stab: Distracted        |       |     1 |       ||     1
Armor: Skin              |     1 |     4 |    43 ||    48
Dodge: Dodged            |    26 |    42 |   205 ||   273

Table legend: (Time is in decaauts)
 A = Elapsed time spent in this place.
 B = Non-inter-level travel time spent in this place.
 C = Inter-level travel time spent in this place.
 D = Time resting spent in this place.
 E = Time spent auto-exploring this place.
 F = Levels seen in this place.
 G = Mean time per level.
                   A        B        C        D        E       F      G
               +--------+--------+--------+--------+--------+-----+--------+
         Total |  11245 |  10979 |    266 |   1191 |   7972 |   7 | 1606.4 |
       Dungeon |  11245 |  10979 |    266 |   1191 |   7972 |   7 | 1606.4 |
               +--------+--------+--------+--------+--------+-----+--------+

Top non-repeatable levels by time:
     D:4: 2061 daAuts
     D:3: 1994 daAuts
     D:1: 1787 daAuts
     D:5: 1662 daAuts
     D:2: 1418 daAuts
     D:7: 1191 daAuts
     D:6: 1130 daAuts
